Map: Neon Violet Square LE

Players

Bly

  • Race: Zerg Zerg
  • Spawn Location: 5:00

SpeCial - Winner!

  • Race: Terran Terran
  • Spawn Location: 11:00

Event: IEM Season 12 - PyeongChang

VOD

Have the link to the VOD?

Description

Time

  • Played on: Feb. 6, 2018, 1:56 a.m.
  • Length: 16:55

All games in this series

Show
View Real Time Build Order
Export as new Build Order

Bly Zerg 

Build Orders: Hatch First 

Get SALT Encoding   

  12  0:01  Drone  
  13  0:13  Overlord  
  13  0:17  Drone  
  14  0:33  Drone x2  
  14  0:34  Drone  
  17  0:52  Hatchery  
  16  0:57  Drone  
  16  0:58  Drone  
  16  1:03  Extractor  
  17  1:14  Spawning Pool  
  17  1:17  Drone  
  17  1:21  Drone  
  18  1:29  Drone  
  19  1:40  Overlord  
  19  1:50  Drone  
  20  2:01  Queen  
  20  2:02  Zergling x2  
  20  2:04  Metabolic Boost  
  20  2:05  Queen  
  25  2:09  Zergling x2  
  25  2:13  Drone  
  27  2:15  Drone  
  28  2:23  Drone  
  29  2:34  Drone x2  
  30  2:41  Drone  
  31  2:45  Queen  
  31  2:46  Overlord  
  33  2:52  Lair  
  33  2:56  Drone x2  
  35  3:08  Drone x2  
  35  3:10  Drone  
  38  3:16  Drone x3  
  41  3:21  Overlord  
  41  3:23  Extractor  
  40  3:29  Drone x2  
  40  3:32  Overlord  
  40  3:34  Extractor  
  41  3:38  Drone  
  41  3:41  Overlord  
  42  3:47  Zergling x6, Extractor  
  42  3:48  Spine Crawler  
  43  3:51  Drone x3  
  46  3:57  Spire  
  45  4:07  Drone x2  
  45  4:08  Drone  
  45  4:09  Drone  
  49  4:15  Drone  
  49  4:16  Drone  
  51  4:26  Overlord  
  51  4:29  Overlord  
  51  4:38  Overlord  
  50  4:45  Hatchery  
  49  4:48  Drone x3  
  49  4:49  Drone  
  53  5:09  Mutalisk  
  53  5:10  Mutalisk x6  
  67  5:19  Mutalisk  
  69  5:22  Drone x4  
  73  5:29  Infestation Pit  
  73  5:33  Evolution Chamber  
  71  5:40  Drone x4  
  75  5:43  Overlord  
  75  5:44  Overlord  
  75  5:47  Overlord  
  75  5:49  Roach Warren  
  74  5:55  Overlord  
  74  5:59  Drone x2  
  74  6:00  Drone x2  
  78  6:10  Zerg Ground Armor Level 1  
  78  6:11  Hive  
  78  6:17  Drone x4  
  82  6:25  Overlord  
  78  6:26  Drone x2  
  78  6:28  Extractor  
  78  6:29  Drone x2  
  78  6:31  Overlord  
  81  6:38  Glial Reconstitution, Infestor  
  81  6:39  Infestor  
  85  6:51  Overlord  
  85  6:54  Extractor  
  84  6:56  Roach x4  
  92  7:03  Hatchery  
  92  7:07  Roach x6  
  103  7:09  Overlord  
  101  7:27  Ultralisk Cavern  
  101  7:28  Roach x4  
  101  7:29  Overlord  
  108  7:36  Ravager x2  
  110  7:39  Overlord  
  110  7:59  Overlord  
  110  8:03  Evolution Chamber  
  109  8:15  Chitinous Plating  
  109  8:17  Ultralisk x3  
  127  8:25  Zergling x18  
  127  8:26  Overlord  
  135  8:27  Zerg Ground Armor Level 2  
  119  8:46  Ultralisk  
  125  8:50  Drone x5  
  125  8:51  Overlord  
  130  8:56  Overlord  
  130  8:57  Overlord  
  130  9:05  Ultralisk, Drone  
  130  9:07  Ravager x3  
  136  9:27  Hatchery  
  136  9:28  Ultralisk  
  141  9:40  Spore Crawler  
  141  9:41  Zerg Melee Weapons Level 1  
  141  9:45  Greater Spire  
  140  9:47  Drone  
  141  9:55  Zergling x2  
  141  9:56  Zergling x20  
  152  10:07  Queen x2  
  152  10:11  Drone x3  
  159  10:33  Overlord, Corruptor x4  
  166  10:44  Corruptor x2  
  165  10:50  Drone  
  165  10:51  Drone x5  
  154  11:14  Drone x3  
  152  11:21  Extractor  
  151  11:32  Zerg Ground Armor Level 3  
  151  11:34  Drone x2  
  151  11:39  Hatchery  
  152  11:42  Brood Lord x3  
  152  11:43  Brood Lord x2  
  160  11:53  Brood Lord  
  154  12:06  Ultralisk  
  137  12:35  Hatchery  
  137  12:36  Hatchery  
  124  12:45  Infestor x3  
  124  12:48  Drone x3  
  133  12:56  Drone x3  
  134  13:12  Drone  
  134  13:13  Drone x4  
  138  13:31  Ravager x3  
  141  13:37  Corruptor x2  
  145  13:47  Drone x2  
  147  13:55  Drone x10  
  155  14:03  Zerg Melee Weapons Level 2  
  155  14:06  Zerg Flyer Weapons Level 1  
  155  14:08  Overseer  
  155  14:11  Corruptor  
  130  14:58  Ultralisk x3  
  154  15:02  Extractor  
  154  15:03  Extractor  
  145  15:18  Hatchery  
  145  15:20  Hatchery  
  131  15:46  Drone  
  131  15:47  Drone x6  
  140  15:56  Infestor  
  140  15:59  Viper  
  143  16:15  Hatchery  
  143  16:16  Infestor x3  
Show
View Real Time Build Order
Export as new Build Order

SpeCial Terran - Winner!

Build Orders: Reaper Expand, MMM Bio 

Get SALT Encoding   

  12  0:00  SCV  
  13  0:12  SCV  
  14  0:17  Supply Depot  
  14  0:24  SCV  
  15  0:39  SCV  
  15  0:41  Barracks  
  16  0:44  Refinery  
  16  0:51  SCV  
  17  1:03  SCV  
  18  1:15  SCV  
  19  1:28  Reaper  
  19  1:29  Orbital Command  
  20  1:43  Command Center  
  20  1:52  Supply Depot  
  20  1:55  SCV  
  20  2:00  Marine  
  22  2:06  Factory  
  22  2:09  SCV  
  23  2:16  Refinery  
  23  2:21  SCV, Barracks Reactor  
  24  2:33  SCV  
  25  2:45  SCV  
  26  2:55  Starport  
  26  2:56  Orbital Command  
  26  2:57  SCV  
  27  3:02  Hellion x2  
  31  3:06  Barracks Tech Lab  
  31  3:09  SCV  
  32  3:21  SCV x2  
  32  3:26  Marine  
  35  3:27  Stimpack  
  35  3:31  Viking  
  35  3:33  SCV  
  38  3:36  SCV  
  38  3:41  Supply Depot  
  39  3:45  SCV  
  39  3:52  Command Center  
  39  3:53  SCV  
  40  3:56  Marine  
  41  4:03  SCV  
  41  4:05  SCV  
  43  4:14  Barracks, Factory Tech Lab  
  43  4:16  Marine  
  44  4:17  Barracks  
  44  4:18  Starport Reactor, SCV x2  
  44  4:22  Supply Depot  
  46  4:30  SCV x2  
  48  4:33  Marine  
  52  4:42  SCV x2  
  47  4:47  Engineering Bay  
  47  4:48  Engineering Bay  
  47  4:50  Factory Reactor  
  47  4:51  Marine  
  47  4:52  Supply Depot  
  48  4:54  SCV x2  
  48  4:56  Engineering Bay  
  48  4:57  Engineering Bay  
  48  4:59  Engineering Bay  
  50  5:04  Marine x2  
  50  5:06  SCV, Orbital Command  
  53  5:08  Starport Reactor  
  53  5:12  SCV  
  54  5:16  Marine  
  54  5:18  SCV  
  56  5:22  Marine  
  56  5:24  Refinery x2, SCV  
  56  5:25  Terran Infantry Weapons Level 1  
  56  5:28  Terran Infantry Armor Level 1, Marine  
  58  5:29  Marine x2  
  58  5:30  SCV  
  58  5:34  Marine  
  63  5:39  SCV x2  
  63  5:40  Marine  
  63  5:42  Missile Turret  
  66  5:45  Medivac x2, Missile Turret  
  66  5:46  Marine  
  66  5:48  Combat Shields  
  71  5:50  Widow Mine  
  71  5:52  Widow Mine  
  71  5:54  Marine  
  71  5:55  Marine x2  
  78  5:58  Supply Depot  
  78  6:00  Marine  
  79  6:04  Marine  
  79  6:11  Missile Turret  
  79  6:12  SCV x2, Marine x2  
  79  6:13  Marine  
  79  6:17  Marine  
  85  6:19  Medivac x2  
  85  6:23  Marine  
  89  6:27  Siege Tank  
  89  6:30  Barracks, Marine  
  93  6:36  Barracks  
  93  6:41  Supply Depot  
  93  6:42  Orbital Command  
  93  6:44  Marine  
  93  6:47  Marine  
  93  6:49  Marine  
  93  6:52  Supply Depot  
  93  6:59  Marine  
  93  7:01  Marine  
  93  7:02  Marine  
  93  7:03  Medivac x2, SCV x2  
  93  7:05  Marine  
  93  7:07  Marine  
  98  7:09  Siege Tank  
  98  7:12  Supply Depot  
  98  7:15  SCV x2  
  103  7:16  Marine, Supply Depot  
  103  7:19  Marine  
  103  7:20  Marine  
  106  7:23  Marine  
  106  7:24  SCV, Armory  
  106  7:25  Marine  
  106  7:27  SCV  
  110  7:31  SCV  
  110  7:35  Missile Turret  
  110  7:36  SCV  
  112  7:38  Marine x2  
  112  7:39  Barracks Reactor  
  112  7:41  SCV  
  112  7:42  Marine  
  116  7:46  Siege Tank  
  116  7:50  Marine x2  
  121  7:53  SCV x2  
  121  7:56  Marine x2  
  125  7:59  SCV  
  125  8:05  SCV x2, Marine  
  129  8:08  Marine  
  129  8:11  SCV  
  129  8:12  Medivac  
  133  8:16  Supply Depot  
  133  8:22  Medivac, Siege Tank, Marine x2  
  140  8:28  Terran Infantry Weapons Level 2  
  140  8:29  Terran Infantry Armor Level 2  
  140  8:33  SCV  
  140  8:34  SCV  
  136  8:44  Marine x2  
  136  8:45  Marine x3  
  131  8:51  SCV  
  131  8:52  SCV x2  
  131  8:54  Siege Tank  
  137  8:58  Liberator x2  
  137  9:00  Barracks  
  137  9:01  Barracks  
  137  9:02  Barracks  
  130  9:06  Marine x4  
  130  9:08  Marine x2  
  130  9:09  Marine  
  137  9:10  Marine  
  137  9:11  Marine  
  137  9:17  Refinery  
  142  9:18  Refinery  
  142  9:22  SCV x2  
  142  9:23  SCV  
  142  9:24  Marine  
  145  9:26  Supply Depot  
  145  9:29  Terran Vehicle Weapons Level 1  
  145  9:30  Marauder  
  147  9:34  Supply Depot  
  147  9:35  Marine x2  
  147  9:36  Marine x2  
  147  9:37  Siege Tank  
  154  9:41  Marine  
  154  9:42  Marine x2  
  157  9:46  Liberator  
  157  9:48  SCV x3  
  157  9:51  Marauder  
  162  9:53  Liberator  
  162  9:54  Barracks Tech Lab x2  
  162  9:55  Marine x3  
  165  10:00  Supply Depot  
  165  10:04  Supply Depot  
  168  10:07  Barracks Tech Lab  
  168  10:12  Marauder  
  173  10:19  Command Center  
  173  10:22  Marauder x2  
  173  10:27  Ghost Academy  
  177  10:28  Liberator  
  177  10:33  Siege Tank  
  179  10:35  Liberator  
  179  10:45  Marauder, Marine x3  
  188  10:57  Terran Infantry Weapons Level 3  
  187  11:04  Marauder  
  187  11:05  Marine  
  189  11:11  Marine x2  
  189  11:16  Marine  
  189  11:17  Marine  
  189  11:18  Marine  
  189  11:19  Marauder  
  189  11:22  Marine  
  189  11:24  Terran Infantry Armor Level 3  
  189  11:28  Supply Depot  
  189  11:30  Marine  
  189  11:31  Marauder x3  
  196  11:33  Siege Tank  
  196  11:53  Ghost x3  
  193  12:01  Ghost  
  184  12:02  Marine  
  184  12:04  Marine  
  188  12:14  Viking x2  
  191  12:22  Marauder  
  182  12:41  Ghost  
  182  12:43  Marine x4  
  182  12:44  Viking x2, Marine  
  189  12:46  Marine x2  
  195  13:00  Starport  
  189  13:14  Refinery x2, Viking x2  
  189  13:19  Missile Turret  
  190  13:23  Command Center  
  188  13:28  Command Center  
  188  13:29  Starport  
  185  13:39  Starport Reactor  
  185  13:44  Viking x2, Terran Ship Weapons Level 1  
  185  13:46  Ghost  
  185  13:47  Ghost x2  
  195  13:59  Planetary Fortress  
  192  14:08  Ghost  
  192  14:09  Marine x4  
  198  14:10  Marine  
  198  14:11  Marine  
  200  14:17  Starport Reactor  
  200  14:37  Marine x2  
  200  14:38  Marauder, Ghost x2  
  185  14:39  Marine  
  185  14:42  Viking  
  178  14:53  Viking x4  
  178  14:56  Viking  
  178  14:58  Marine  
  178  14:59  Marauder, Marine  
  191  15:00  Marauder  
  191  15:01  Marine  
  193  15:08  Marauder  
  193  15:09  Planetary Fortress, Ghost, Marine  
  193  15:12  Viking  
  188  15:21  Ghost x2  
  188  15:23  Viking x4  
  188  15:26  Command Center  
  200  15:33  Medivac, Marine  
  200  15:34  Marauder, Marine  
  191  15:36  Marine x2  
  191  15:38  Marauder  
  191  15:41  Marine x2  
  191  15:42  Medivac, Marine  
  192  15:47  Marine  
  190  15:50  Refinery, Marauder x2  
  190  15:51  Marine x2  
  190  15:53  Refinery, Viking  
  190  15:56  Marauder, Marine  
  200  15:59  Marauder, Marine  
  196  16:04  Marine  
  196  16:05  Medivac, Marine  
  196  16:06  Orbital Command  
  197  16:30  Marine  
  197  16:31  Marauder  
  174  16:37  Marine  

Tags
 
Add a new tag
Caveats
  • Supply blocks, unpowered buildings, or Contaminate may cause inaccurate times.
  • Supply counts are checked every 10 seconds.